 Dungeon Sprint DCSS version 0.16-a0-3962-g290d66c (webtiles) character file.

19472 BluebellGnoll the Spry (level 12, -10/75 HPs)
             Began as a Spriggan Skald on Feb 10, 2015.
             Was the Champion of Makhleb.
             Killed from afar by a fire dragon (21 damage)
             ... with a blast of flame
             ... in the Dungeon (Sprint IX: "|||||||||||||||||||||||||||||").
             The game lasted 00:24:39 (3041 turns).

BluebellGnoll the Spry (Spriggan Skald)             Turns: 3041, Time: 00:24:39

Health: -10/75     AC:  5    Str:  8    XL:     12   Next: 36%
Magic:  8/30       EV: 34    Int: 18    God:    Makhleb [******]
Gold:   233        SH:  0    Dex: 16    Spells: 5 memorised, 5 levels left

rFire  . . .     SeeInvis +     q - +2 rapier (drain)
rCold  . . .     Clarity  .     w - +2 robe {MR+}
rNeg   + . .     SustAb   .     (shield restricted)
rPois  +         Gourm    .     (helmet restricted)
rElec  .         Spirit   .     y - +0 cloak
rCorr  .         Warding  .     (gloves unavailable)
rMut   .         NoTele   +     (boots unavailable)
MR     +++..                    (no amulet)
Stlth  +++++.....               J - ring of poison resistance
                                L - ring of positive energy

@: very quick, extremely resistant to hostile enchantments, quite stealthy
A: unfitting armour, see invisible, herbivore 3, speed 3, slow metabolism 2
a: Minor Destruction, Lesser Servant of Makhleb, Major Destruction, Greater
Servant of Makhleb, Renounce Religion


You were in the Dungeon.
You worshipped Makhleb.
Makhleb was exalted by your worship.
You were not hungry.

You visited 1 branch You collected 1918 gold pieces.
You spent 1685 gold pieces at shops.

Inventory:

Hand weapons
 q - a +2 rapier of draining (weapon)
 t - a +7 blowgun
Missiles
 e - 3 tomahawks (quivered)
 s - 29 poisoned needles
Armour
 a - a +0 storm dragon armour
 w - a +2 robe of magic resistance (worn)
 y - a +0 cloak (worn)
 B - a +2 robe of positive energy
Magical staves
 p - an uncursed staff of energy
Jewellery
 J - a ring of poison resistance (right hand)
 K - an uncursed ring of protection from cold
 L - a ring of positive energy (left hand)
Magical devices
 o - a wand of fire (7)
 x - a wand of magic darts (5)
 A - a wand of polymorph (12)
 F - a wand of flame (16)
Scrolls
 j - 5 scrolls of blinking
 l - 4 scrolls of remove curse
 n - 2 scrolls of amnesia
 r - 3 scrolls of recharging
 u - 6 scrolls of enchant armour
 v - a scroll of fear
Potions
 f - 9 potions of heal wounds
 g - a potion of invisibility
 h - 5 potions of magic
 i - a potion of berserk rage
 k - 20 potions of curing
 m - 3 potions of brilliance
 D - 2 potions of agility
 E - 5 potions of haste
 G - a potion of resistance
 H - a potion of cancellation
Books
 c - a book of Battle

   Spells                             Type                      Level
   a - Infusion                       Charms                       1
   b - Shroud of Golubria             Charms/Translocation         2
   c - Song of Slaying                Charms                       2
   d - Spectral Weapon                Hexes/Charms                 3
   e - Regeneration                   Charms/Necromancy            3
Comestibles
 d - 12 bread rations
 z - 37 fruits


   Skills:
 - Level 14.7 Fighting
 - Level 15.0 Short Blades
 - Level 0.6 Armour
 - Level 20.5 Dodging
 - Level 10.9 Stealth
 - Level 2.6 Spellcasting
 - Level 9.3 Charms
 + Level 11.8 Invocations
 - Level 12.3 Evocations


You had 5 spell levels left.
You knew the following spells:

 Your Spells              Type           Power        Failure   Level  Hunger
a - Infusion              Chrm           #####.       1%          1    #......
b - Shroud of Golubria    Chrm/Tloc      ###.......   4%          2    ##.....
c - Song of Slaying       Chrm           #####...     1%          2    ##.....
d - Regeneration          Chrm/Necr      ###.......   10%         3    ###....
e - Spectral Weapon       Hex/Chrm       ###.....     10%         3    ###....


Dungeon Overview and Level Annotations

Branches:
Dungeon (1/1)

Altars:
Cheibriados
Dithmenos
Elyvilon
Fedhas
Gozag
Kikubaaqudgha
Makhleb
Nemelex Xobeh
Okawaru
Qazlal
Ru
Sif Muna
Trog
Vehumet
Xom
Yredelemnul
Zin
The Shining One
Beogh
Jiyva
Lugonu

Shops:
D [!(


Innate Abilities, Weirdness & Mutations

You are tiny and cannot use many weapons and most armour.
You have supernaturally acute eyesight.
You are a herbivore.
You cover ground extremely quickly.
You need consume almost no food.


Message History

The fire dragon is moderately wounded.
You hit the fire dragon but do no damage.
You drain the fire dragon!
The fire dragon is moderately wounded.
The fire dragon completely misses you. x3
You hit the fire dragon but do no damage.
You drain the fire dragon!
The fire dragon is moderately wounded.
You hit the fire dragon but do no damage.
The fire dragon is moderately wounded.
The fire dragon breathes flames at you. The blast of flame hits you!
* * * LOW HITPOINT WARNING * * *
You hit the fire dragon. You drain the fire dragon!
The fire dragon is moderately wounded.
You barely miss the fire dragon.
The fire dragon is moderately wounded.
The fire dragon breathes flames at you. The blast of flame hits you!
You die...

▓_▓.▓.▓.▓.▓.▓(▓
▓'▓.▓.▓.▓[▓.▓)▓
▓.▓.▓.▓.▓'▓.▓.▓
▓.▓.▓'▓.▓)▓.▓[▓
▓.▓.▓.▓.▓)▓.▓)▓
▓)▓.▓†▓.▓)▓.▓.▓
▓[▓.▓.▓)▓)▓.▓.▓
▓[▓.▓.▓.▓[▓.▓)▓
▓[▓.▓.▓.▓!▓.▓@▓
▓.▓.▓.▓.▓.▓.▓D▓
▓.▓.▓.▓.▓∩▓.▓.▓
▓'▓.▓.▓.▓.▓.▓.▓
▓(▓.▓.▓)▓∩▓.▓.▓
▓)▓.▓.▓.▓.▓.▓.▓
▓)▓.▓%▓.▓∩▓.▓.▓
▓.▓.▓.▓.▓.▓.▓.▓
▓.▓.▓'▓.▓.▓.▓.▓


You could see a fire dragon.

Vanquished Creatures
  A stone giant (D)
  A very ugly thing (D)
  An ettin (D)
  Erica (D)
  A centaur warrior (D)
  An ogre mage (D)
  4 orc high priests (D)
  A tengu warrior (D)
  Erolcha (D)
  8 orc knights (D)
  3 hill giants (D)
  4 orc sorcerers (D)
  2 black mambas (D)
  Joseph (D)
  A spiny frog (D)
  A yaktaur (D)
  A troll (D)
  A blink frog (D)
  A shadow (D)
  A deep elf mage (D)
  A hippogriff (D)
  A deep elf fighter (D)
  4 wolves (D)
  4 water moccasins (D)
  A warg (D)
  5 orc warriors (D)
  3 hell hounds (D)
  2 crocodiles (D)
  A centaur (D)
  5 giant frogs (D)
  A crimson imp (D)
  A hound (D)
  2 orc priests (D)
  A jelly (D)
  5 orc wizards (D)
  3 adders (D)
  A shadow imp (D)
  11 orcs (D)
  A bat skeleton (D)
  A bat zombie (D)
  5 goblins (D)
  A hobgoblin (D)
  A giant gecko zombie (D)
  A giant spore (D)
  2 orc zombies (D)
  2 rats (D)
102 creatures vanquished.

Vanquished Creatures (others)
  A two-headed ogre (D)
1 creature vanquished.

Grand Total: 103 creatures vanquished

Notes
Turn   | Place    | Note
--------------------------------------------------------------
     0 | D        | BluebellGnoll, the Spriggan Skald, began the quest for the Orb.
     0 | D        | Reached XP level 1. HP: 10/10 MP: 4/4
    15 | D        | Reached skill level 5 in Stealth
    72 | D        | Reached XP level 2. HP: 15/15 MP: 0/7
    86 | D        | Found a glowing silver altar of Zin.
    86 | D        | Found a glowing golden altar of the Shining One.
    86 | D        | Found an ancient bone altar of Kikubaaqudgha.
    86 | D        | Found a basalt altar of Yredelemnul.
    86 | D        | Found a shimmering altar of Xom.
    86 | D        | Found a radiant altar of Vehumet.
    86 | D        | Found an iron altar of Okawaru.
    87 | D        | Found a burning altar of Makhleb.
    88 | D        | Found a deep blue altar of Sif Muna.
    89 | D        | Found a bloodstained altar of Trog.
    90 | D        | Found a sparkling altar of Nemelex Xobeh.
    91 | D        | Found a white marble altar of Elyvilon.
    92 | D        | Found a roughly hewn altar of Beogh.
    93 | D        | Found a viscous altar of Jiyva.
    94 | D        | Found a corrupted altar of Lugonu.
    95 | D        | Found a blossoming altar of Fedhas.
    96 | D        | Found a snail-covered altar of Cheibriados.
    98 | D        | Became a worshipper of Makhleb the Destroyer
   100 | D        | Found a shadowy altar of Dithmenos.
   101 | D        | Found a stormy altar of Qazlal.
   102 | D        | Found an opulent altar of Gozag.
   103 | D        | Found a sacrificial altar of Ru.
   177 | D        | Learned a level 2 spell: Song of Slaying
   180 | D        | Learned a level 2 spell: Shroud of Golubria
   182 | D        | Noticed a two-headed ogre
   182 | D        | Noticed a hill giant
   182 | D        | Noticed a centaur
   182 | D        | Noticed a crimson imp
   183 | D        | Killed a two-headed ogre
   188 | D        | Killed a hill giant
   188 | D        | Acquired Makhleb's first power
   188 | D        | Reached skill level 12 in Short Blades
   188 | D        | Reached XP level 3. HP: 18/18 MP: 3/9
   188 | D        | Reached XP level 4. HP: 23/23 MP: 4/12
   188 | D        | Reached XP level 5. HP: 26/26 MP: 4/14
   192 | D        | Killed a centaur
   192 | D        | Reached skill level 13 in Short Blades
   192 | D        | Reached XP level 6. HP: 24/30 MP: 6/17
   200 | D        | Killed a crimson imp
   219 | D        | Learned a level 3 spell: Regeneration
   279 | D        | Noticed a tengu warrior
   279 | D        | Noticed a centaur warrior
   279 | D        | Noticed a giant frog
   279 | D        | Noticed a jelly
   284 | D        | Killed a jelly
   284 | D        | Acquired Makhleb's second power
   285 | D        | Killed a giant frog
   285 | D        | Reached skill level 5 in Dodging
   285 | D        | Acquired Makhleb's third power
   295 | D        | Killed a tengu warrior
   295 | D        | Reached XP level 7. HP: 34/41 MP: 8/19
   295 | D        | Reached XP level 8. HP: 37/45 MP: 8/20
   309 | D        | Killed a centaur warrior
   309 | D        | Reached skill level 14 in Dodging
   429 | D        | Learned a level 3 spell: Spectral Weapon
   545 | D        | Noticed a crocodile
   545 | D        | Noticed a giant frog
   545 | D        | Noticed a spiny frog
   545 | D        | Noticed a giant frog
   545 | D        | Noticed a blink frog
   545 | D        | Noticed a hippogriff
   545 | D        | Noticed a black mamba
   553 | D        | Killed a crocodile
   553 | D        | Acquired Makhleb's fourth power
   553 | D        | Reached skill level 5 in Charms
   558 | D        | Killed a giant frog
   563 | D        | Noticed a water moccasin
   575 | D        | Killed a blink frog
   575 | D        | Reached skill level 15 in Dodging
   575 | D        | Reached XP level 9. HP: 51/51 MP: 4/22
   577 | D        | Killed a spiny frog
   579 | D        | Killed a giant frog
   579 | D        | Acquired Makhleb's fifth power
   584 | D        | Noticed a hound
   587 | D        | Killed a hippogriff
   587 | D        | Reached skill level 16 in Dodging
   590 | D        | Killed a black mamba
   592 | D        | Killed a water moccasin
   595 | D        | Killed a hound
   595 | D        | Reached skill level 15 in Short Blades
   690 | D        | Noticed a black mamba
   690 | D        | Noticed a giant frog
   690 | D        | Noticed a water moccasin
   690 | D        | Noticed a water moccasin
   690 | D        | Noticed a water moccasin
   701 | D        | Killed a black mamba
   704 | D        | Killed a giant frog
   707 | D        | Noticed a crocodile
   709 | D        | Killed a water moccasin
   717 | D        | Killed a water moccasin
   719 | D        | Killed a water moccasin
   733 | D        | Killed a crocodile
   733 | D        | Reached skill level 10 in Fighting
   860 | D        | Noticed a hell hound
   860 | D        | Noticed a wolf
   860 | D        | Noticed a wolf
   860 | D        | Noticed a wolf
   860 | D        | Noticed a hell hound
   861 | D        | Noticed a wolf
   862 | D        | Noticed a warg
   865 | D        | Noticed a hell hound
   872 | D        | Killed a hell hound
   872 | D        | Reached skill level 17 in Dodging
   879 | D        | Killed a hell hound
   879 | D        | Reached XP level 10. HP: 59/59 MP: 12/23
   883 | D        | Killed a wolf
   897 | D        | Killed a warg
   901 | D        | Killed a hell hound
   901 | D        | Reached skill level 18 in Dodging
   903 | D        | Killed a wolf
   909 | D        | Killed a wolf
   915 | D        | Killed a wolf
  1031 | D        | Noticed Joseph
  1064 | D        | Killed Joseph
  1199 | D        | Noticed Erolcha
  1221 | D        | Killed Erolcha
  1221 | D        | Reached skill level 10 in Stealth
  1299 | D        | Noticed an orc wizard
  1299 | D        | Noticed an orc warrior
  1299 | D        | Noticed an orc wizard
  1299 | D        | Noticed an orc wizard
  1299 | D        | Noticed an ettin
  1306 | D        | Killed an orc wizard
  1306 | D        | Reached skill level 19 in Dodging
  1308 | D        | Noticed an orc wizard
  1322 | D        | Killed an orc warrior
  1324 | D        | Noticed an orc wizard
  1326 | D        | Killed an orc wizard
  1329 | D        | Killed an orc wizard
  1335 | D        | Noticed an orc priest
  1343 | D        | Killed an ettin
  1343 | D        | Reached skill level 20 in Dodging
  1346 | D        | Killed an orc wizard
  1350 | D        | Killed an orc wizard
  1358 | D        | Killed an orc priest
  1611 | D        | Noticed an orc warrior
  1611 | D        | Noticed an orc knight
  1611 | D        | Noticed an orc high priest
  1611 | D        | Noticed an orc knight
  1611 | D        | Noticed an orc knight
  1611 | D        | Noticed an orc warrior
  1615 | D        | Noticed an orc sorcerer
  1617 | D        | Killed an orc warrior
  1618 | D        | Killed an orc high priest
  1692 | D        | Killed an orc knight
  1692 | D        | Reached skill level 10 in Evocations
  1705 | D        | Killed an orc knight
  1705 | D        | Reached XP level 11. HP: 63/63 MP: 11/29
  1734 | D        | Killed an orc knight
  1750 | D        | Noticed an orc knight
  1753 | D        | Noticed an orc priest
  1776 | D        | Killed an orc knight
  1782 | D        | Killed an orc sorcerer
  1785 | D        | Killed an orc priest
  1792 | D        | Killed an orc warrior
  1827 | D        | Noticed an orc warrior
  1850 | D        | Killed an orc warrior
  1920 | D        | Noticed an orc warrior
  1930 | D        | Killed an orc warrior
  1980 | D        | Found Qadiowku's Distillery.
  1980 | D        | Noticed an orc high priest
  1980 | D        | Noticed an orc sorcerer
  1980 | D        | Noticed an orc high priest
  1980 | D        | Noticed an orc sorcerer
  1985 | D        | Noticed an orc sorcerer
  1990 | D        | Killed an orc high priest
  1990 | D        | Killed an orc sorcerer
  1991 | D        | Found Omurph's Armour Shoppe.
  2002 | D        | Noticed an orc knight
  2002 | D        | Killed an orc high priest
  2005 | D        | Paralysed by an orc sorcerer for 3 turns
  2019 | D        | Killed an orc sorcerer
  2020 | D        | Found Gofior's Distillery.
  2047 | D        | Killed an orc sorcerer
  2053 | D        | Killed an orc knight
  2080 | D        | Found Gesazil's Weapon Shoppe.
  2191 | D        | Noticed an orc high priest
  2200 | D        | Noticed an orc knight
  2241 | D        | Killed an orc high priest
  2388 | D        | Killed an orc knight
  2423 | D        | Noticed an orc knight
  2424 | D        | Noticed an orc knight
  2458 | D        | Killed an orc knight
  2474 | D        | Killed an orc knight
  2638 | D        | Bought a potion of curing for 39 gold pieces
  2638 | D        | Bought 2 potions of curing for 78 gold pieces
  2638 | D        | Bought 2 potions of curing for 78 gold pieces
  2638 | D        | Bought a potion of curing for 39 gold pieces
  2638 | D        | Bought a potion of curing for 39 gold pieces
  2638 | D        | Bought a potion of agility for 52 gold pieces
  2638 | D        | Bought a potion of magic for 104 gold pieces
  2638 | D        | Bought a potion of agility for 52 gold pieces
  2642 | D        | Bought a potion of haste for 140 gold pieces
  2642 | D        | Bought a potion of heal wounds for 70 gold pieces
  2642 | D        | Bought 2 potions of curing for 84 gold pieces
  2642 | D        | Bought 2 potions of haste for 280 gold pieces
  2642 | D        | Bought a potion of poison for 14 gold pieces
  2642 | D        | Bought a potion of curing for 42 gold pieces
  2642 | D        | Bought a potion of heal wounds for 70 gold pieces
  2642 | D        | Bought a potion of haste for 140 gold pieces
  2642 | D        | Bought a potion of curing for 42 gold pieces
  2642 | D        | Bought a potion of brilliance for 56 gold pieces
  2642 | D        | Bought a potion of resistance for 140 gold pieces
  2642 | D        | Bought a potion of cancellation for 112 gold pieces
  2642 | D        | Bought a potion of degeneration for 14 gold pieces
  2671 | D        | Noticed Erica
  2695 | D        | Killed Erica
  2885 | D        | Noticed an ogre mage
  2885 | D        | Noticed a hill giant
  2885 | D        | Noticed a giant frog
  2885 | D        | Noticed a shadow
  2885 | D        | Noticed a troll
  2885 | D        | Noticed a deep elf fighter
  2894 | D        | Killed an ogre mage
  2894 | D        | Reached XP level 12. HP: 75/75 MP: 16/30
  2896 | D        | Noticed a hill giant
  2902 | D        | Noticed a deep elf mage
  2907 | D        | Noticed a purple very ugly thing
  2907 | D        | Killed a hill giant
  2912 | D        | Killed a giant frog
  2921 | D        | Killed a shadow
  2926 | D        | Noticed a yaktaur
  2932 | D        | Noticed a stone giant
  2932 | D        | Killed a troll
  2936 | D        | Killed a deep elf fighter
  2937 | D        | Noticed a fire dragon
  2950 | D        | Killed a hill giant
  2958 | D        | Killed a deep elf mage
  2989 | D        | Killed a purple very ugly thing
  2989 | D        | Reached skill level 10 in Invocations
  2995 | D        | Killed a yaktaur
  3030 | D        | Killed a stone giant
  3041 | D        | Killed from afar by a fire dragon

Action                   |  1- 3 |  4- 6 |  7- 9 | 10-12 || total
-------------------------+-------+-------+-------+-------++-------
Melee: Short sword       |    24 |       |       |       ||    24
       Rapier            |     3 |    21 |   115 |   536 ||   675
 Fire: Blowgun           |       |       |       |    23 ||    23
 Cast: Infusion          |     2 |     1 |     3 |    12 ||    18
       Shroud of Golubri |     1 |     1 |     3 |    11 ||    16
       Song of Slaying   |     1 |     1 |     3 |     6 ||    11
       Regeneration      |       |     1 |     3 |     6 ||    10
       Spectral Weapon   |       |       |       |     1 ||     1
Invok: Major Destruction |       |       |       |     1 ||     1
Evoke: Wand              |     1 |     3 |     1 |     6 ||    11
  Use: Potion            |     2 |     1 |       |     1 ||     4
       Scroll            |       |       |       |     1 ||     1
 Stab: Confused          |     1 |       |       |       ||     1
       Sleeping          |       |       |       |     2 ||     2
  Eat: Fruit             |       |       |       |     3 ||     3
       Bread ration      |       |       |       |     1 ||     1
